AoeStats
← yuyupinga

Arabia

503311878Analyzed
1v1 RM · 1mo ago on Aug 31, 2026· 55m 30s· 2 players
Game mode
Random Map
Map size
Tiny (2 player)
Population
200
Speed
Normal
Resources
Standard
Victory
Conquest
Starting age
Dark Age
Ending age
Imperial Age
RankedLock teamsTeams togetherTeam positionsShared explorationLock speedFull tech treeHidden civsTurbo modeCheats
Victory
Defeat
🇲🇽 Mongols · Mexico
609
+15
🇨🇴 Persians · Colombia
596
-15
klatmor
8:59 Loom
13:07 Feudal Age
15:12 Double-Bit Axe
18:17 Horse Collar
23:08 Castle Age
23:21 Pikeman
24:02 Squires
24:59 Bow Saw
25:03 Gambesons
28:59 Wheelbarrow
28:55 Fletching
30:57 Bodkin Arrow
31:07 Scale Mail Armor
31:08 Padded Archer Armor
33:54 Elite Skirmisher
40:39 Imperial Age
39:41 Heavy Plow
40:39 Leather Archer Armor
40:58 Gold Mining
40:59 Stone Mining
41:45 Conscription
43:11 Ballistics
42:47 Murder Holes
43:56 Chemistry
44:32 Two-Man Saw
44:12 Scale Barding Armor
45:48 Thumb Ring
47:28 Ring Archer Armor
47:19 Chain Barding Armor
46:35 Heavy Camel Rider
49:09 Hoardings
50:13 Husbandry
51:06 Bloodlines
52:18 Gold Shaft Mining
yuyupinga
3:17 Loom
11:28 Feudal Age
13:39 Bloodlines
13:30 Double-Bit Axe
13:30 Horse Collar
15:52 Wheelbarrow
23:03 Castle Age
22:11 Scale Barding Armor
22:17 Forging
22:08 Padded Archer Armor
21:58 Fletching
23:50 Thumb Ring
26:29 Bow Saw
26:27 Husbandry
25:47 Light Cavalry
28:08 Stone Mining
28:09 Gold Mining
29:25 Chain Barding Armor
29:20 Leather Archer Armor
29:01 Bodkin Arrow
30:40 Iron Casting
32:09 Ballistics
33:19 Hand Cart
37:28 Imperial Age
36:30 Nomads
36:55 Heavy Plow
38:43 Hussar
38:55 Elite Mangudai
40:06 Drill
40:27 Gold Shaft Mining
40:27 Stone Shaft Mining
39:55 Capped Ram
41:10 Bracer
42:17 Chemistry
41:25 Siege Ram
43:11 Conscription
44:12 Blast Furnace
43:55 Parthian Tactics
Connection lost

Rejoining the realm…

Still unreachable

The connection could not be restored.

Session expired

The server has moved on; the page needs a fresh start.